AoeStats
← Morrig4n4692

Arabia

510131584Analyzed
1v1 RM · 3d ago on Sep 29, 2026· 39m 25s· 2 players
Game mode
Random Map
Map size
Tiny (2 player)
Population
200
Speed
Normal
Resources
Standard
Victory
Conquest
Starting age
Dark Age
Ending age
Imperial Age
RankedLock teamsTeams togetherTeam positionsShared explorationLock speedFull tech treeHidden civsTurbo modeCheats
Victory
Defeat
🇺🇸 Khmer · United States
1196
+19
🇻🇳 Magyars · Vietnam
1224
-17
Morrig4n4692
3:13 Loom
10:20 Feudal Age
21:09 Castle Age
19:18 Padded Archer Armor
20:23 Fletching
20:45 Bloodlines
20:29 Double-Bit Axe
20:42 Gold Mining
22:04 Bodkin Arrow
24:48 Leather Archer Armor
25:32 Husbandry
27:04 Horse Collar
29:46 Bow Saw
30:25 Wheelbarrow
31:04 Ballistics
32:50 Heavy Plow
34:57 Stone Mining
Vn-Huy.nguyen
6:59 Loom
9:49 Feudal Age
10:37 Double-Bit Axe
12:28 Horse Collar
19:41 Castle Age
18:22 Gold Mining
19:44 Fletching
20:06 Padded Archer Armor
20:42 Wheelbarrow
20:50 Bow Saw
24:58 Husbandry
25:09 Bloodlines
25:55 Bodkin Arrow
27:14 Leather Archer Armor
28:23 Bloodlines
29:05 Heavy Plow
30:31 Stone Mining
31:35 Wheelbarrow
30:49 Town Watch
35:32 Imperial Age
33:33 Ballistics
36:17 Bracer
35:41 Heavy Cavalry Archer
Connection lost

Rejoining the realm…

Still unreachable

The connection could not be restored.

Session expired

The server has moved on; the page needs a fresh start.